 Dungeon Crawl Stone Soup version 0.25-a0-565-g8875c97ebb (webtiles) character file.

Game seed: 8357437729436462701, levelgen mode: classic

26451 EnegeticOcto the Pandemonic (level 12, 68/116 HPs)
             Began as a Deep Dwarf Fighter on Feb 26, 2020.
             Was a High Priest of Makhleb.
             Quit the game in an ice cave.
             The game lasted 00:07:49 (9920 turns).

EnegeticOcto the Pandemonic (Deep Dwarf Fighter)    Turns: 9920, Time: 00:07:50

Health: 68/116     AC: 13    Str: 24    XL:     12   Next: 98%
Magic:  10/19 (10) EV: 13    Int: 10    God:    Makhleb [*****.]
Gold:   792        SH:  3    Dex: 15    Spells: 11/11 levels left

rFire    + + .     SeeInvis .   G - +1 battleaxe of Loog {vorpal, *Contam MP+9 Dex+3} (curse)
rCold    . . .     Gourm    .   (shield currently unavailable)
rNeg     . . .     Faith    .   w - +1 chain mail {rF+}
rPois    .         Spirit   .   (no helmet)
rElec    .         Reflect  +   o - +0 cloak
rCorr    +         Harm     .   (no gloves)
MR       +....                  (no boots)
Stlth    ..........             s - +3 amulet of reflection
HPRegen  0.00/turn              b - ring of resist corrosion
MPRegen  0.16/turn              (no ring)

@: non-regenerating
A: damage resistance, heal wounds, fire resistance 1, mutation resistance 1,
sense surroundings 2, no regeneration
a: Heal Wounds, Minor Destruction, Lesser Servant of Makhleb, Major Destruction,
Greater Servant of Makhleb, Renounce Religion


You were in an ice cave.
You worshipped Makhleb.
Makhleb was extremely pleased with you.
You were not hungry.

You visited 2 branches of the dungeon, and saw 14 of its levels.
You also visited: Ice Cave.

You collected 792 gold pieces.

Inventory:

Hand Weapons
 p - a +1 war axe of protection
 G - the cursed +1 battleaxe of Loog (weapon) {vorpal, *Contam MP+9 Dex+3}
   (You found it in an ice cave)

   It inflicts extra damage upon your enemies.
   It affects your dexterity (+3).
   It affects your magic capacity (+9).
   It causes magical contamination when unequipped.
   It has a curse placed upon it.
Missiles
 t - a throwing net (quivered)
Armour
 c - a +0 kite shield
 o - a +0 cloak (worn)
 w - a +1 chain mail of fire resistance (worn)
Jewellery
 b - a ring of resist corrosion (left hand)
 s - a +3 amulet of reflection (around neck)
Wands
 a - a wand of paralysis (15)
 q - a wand of digging (6) {@v2}
 u - a wand of polymorph (8)
Scrolls
 i - 5 scrolls of remove curse {@r6}
 j - 4 scrolls of teleportation {@r2}
 l - a scroll of fog
 m - a scroll of holy word {unknown}
 r - a scroll of enchant weapon
 v - 3 scrolls of fear
 x - 2 scrolls of vulnerability
 B - 2 scrolls of identify {@r1}
 D - 3 scrolls of magic mapping {@r5}
Potions
 d - a potion of stabbing {unknown}
 f - 2 potions of berserk rage
 g - 3 potions of curing {@q1}
 h - 3 potions of flight
 k - 6 potions of might {@q3}
 n - 6 potions of heal wounds {@q2}
 z - a potion of magic
 A - 3 potions of ambrosia
 E - 4 potions of mutation
 F - a potion of resistance {unknown}
Miscellaneous
 y - a lamp of fire (inert)
Comestibles
 e - 25 rations
 C - 29 chunks of flesh


   Skills:
 * Level 10.2 Fighting
 * Level 11.8 Axes
 + Level 9.1 Armour
 + Level 8.2 Dodging
 + Level 9.0 Shields
 * Level 12.3 Invocations


You had 11 spell levels left.
You didn't know any spells.
Your spell library was empty.

Dungeon Overview and Level Annotations

Branches:
Dungeon (13/15)            Temple (1/1) D:5            Lair (0/6) D:9
    Orc (0/2) D:9           IceCv (1/1)
 Vaults: D:13-14

Altars:
Ashenzari
Fedhas
Gozag
Hepliaklqana
Makhleb
Nemelex Xobeh
Qazlal
Ru
Sif Muna
Trog
Uskayaw
Vehumet
Yredelemnul

Annotations:
D:5 exclusion: statue
D:9 exclusion: downstairs
D:10 exclusion: ice statue


Innate Abilities, Weirdness & Mutations

You are resistant to damage.
You can heal yourself by infusing magical energy.
You passively map the area around you.
You do not regenerate.
Your flesh is heat resistant. (rF+)
You are somewhat resistant to further mutation.


Message History

You hit the polar bear but do no damage.
The polar bear is heavily wounded.
Your orange demon stings the frost giant from afar!
The polar bear completely misses your orange demon.
The polar bear claws your orange demon.
The polar bear barely misses your orange demon.
You hit the polar bear.
The polar bear is severely wounded.
The polar bear seems to return to its normal shape.
Your orange demon stings the frost giant from afar.
The frost giant looks as sick as possible!
Your orange demon poisons the frost giant!
The polar bear barely misses your orange demon.
The polar bear claws your orange demon but does no damage.
The polar bear barely misses your orange demon.
You barely miss the polar bear.
The polar bear is severely wounded.
Your orange demon stings the frost giant from afar!
The polar bear bites your orange demon.
The polar bear claws your orange demon but does no damage.
The polar bear claws your orange demon.
You hit the polar bear.
The polar bear is severely wounded.
The frost giant dies!
Makhleb accepts your kill.
Your Shields skill increases to level 9!
Your orange demon stings the polar bear.
Your orange demon hits the polar bear!
The polar bear dies!
Makhleb accepts your kill.
You slash the polar bear!
You kill the polar bear!
Makhleb accepts your kill.
You hit the yak.
The yak is lightly wounded.
Your orange demon stings the yak!
Your orange demon hits the yak but does no damage.
You block the yak's attack.
You barely miss the yak.
The yak is heavily wounded.
Your orange demon stings the yak!
Your orange demon hits the yak but does no damage.
The yak gores you!
You hit the yak.
The yak is almost dead.
Your orange demon stings the yak!
The yak dies!
Makhleb accepts your kill. The yak gores you but does no damage.
Your orange demon closely misses the yak.
Things that are here:
a yak corpse x2
You hit the yak but do no damage. The yak gores you.
You barely miss the yak.
Your orange demon closely misses the yak.
The yak gores you but does no damage.
You hit the yak.
The yak is lightly wounded.
You are feeling hungry.
Your orange demon stings the yak from afar.
You block the yak's attack.
You slash the yak!
The yak is heavily wounded.
Your orange demon closely misses the yak.
You block the yak's attack.
You slice the yak!!
You kill the yak!
Makhleb accepts your kill.
No target in view!
No target in view!
No target in view!
No target in view!
No target in view!
No target in view!
No target in view!
Eating one of 24 chunks of flesh.
You eat one of the 24 chunks of flesh.
This raw flesh tastes terrible.
You butcher the yak corpse.
C - 28 chunks of flesh (gained 5)
You butcher the yak corpse.
C - 29 chunks of flesh (gained 1)
Things that are here:
a yak skeleton x2
Things that are here:
a yak skeleton x2
Found a glaive of freezing, a halberd, a dazzling battleaxe and a hat.
Found 34 gold pieces and a cloak of cold resistance.
You now have 792 gold pieces (gained 17).
You see here a dazzling battleaxe.
G - a dazzling battleaxe You start removing your armour.
You continue taking off your +0 kite shield. x4
You finish taking off your +0 kite shield.
Your +1 war axe of protection goes still.
You feel your magic capacity increase.
You feel agile.
You feel a build-up of mutagenic energy.
It sticks to your hand!
G - the cursed +1 battleaxe of Loog (weapon)
{vorpal, *Contam MP+9 Dex+3} Are you sure you want to abandon this character and quit the game? (Confirm with "yes".)

#.........#.#≈≈
##..##
##.........##≈≈
≈####
#..........#≈≈
#....###...#≈≈
#...##.##..#≈≈*
#..##.[$#..#≈≈*
#..#...$#..# ≈ #
#..#)).....#≈≈
## ##.##@4....#≈
#. *,,#[$....# ≈
#. , ##$....#≈ *
##. *,
###..##≈≈* ##..
* , ...##≈≈#
##..#
,..#.≈≈≈≈###.#.#
*
.###≈≈≈≈≈#...##
≈#≈≈≈..###
####.##


You could see a friendly orange demon.

Vanquished Creatures
  A hydra (D:12)
  2 two-headed ogres
  2 unseen horrors
  A deep elf mage (D:13)
  2 cyclopes (D:7)
  A manticore (D:9)
  An ice statue (IceCv)
  2 centaur zombies
  Joseph (D:10)
  2 ice devils (D:13)
  14 polar bears (IceCv)
  2 trolls (D:9)
  Prince Ribbit (D:7)
  5 hippogriffs
  Sigmund (D:2)
  2 shadows
  3 wraiths
  2 wyverns
  A human (D:8)
  3 hogs (D:8)
  18 yaks
  3 vampire mosquitoes (D:12)
  3 hungry ghosts
  Menkaure (D:6)
  2 insubstantial wisps (D:8)
  3 water moccasins
  A soldier ant (D:13)
  3 orc warriors
  7 sky beasts
  A hornet zombie (D:8)
  3 ice beasts
  4 phantoms
  3 necrophages
  6 wolves (IceCv)
  9 ogres
  13 centaurs
  A crocodile (D:10)
  3 big kobolds
  12 bullfrogs
  2 wyvern skeletons
  6 scorpions
  10 wights
  5 howler monkeys
  10 crimson imps
  2 bullfrog zombies
  4 hounds
  A gnoll shaman (D:6)
  2 jellies
  5 orc priests
  12 orc wizards
  2 bullfrog skeletons
  4 centaur skeletons
  2 iguanas
  16 worker ants
  A killer bee zombie (D:9)
  A hound zombie (D:6)
  2 hound skeletons (D:7)
  A worker ant zombie (D:10)
  7 gnolls
  3 adders
  2 shadow imps
  An ooze (D:2)
  An adder zombie (D:6)
  3 adder skeletons
  A worm (D:1)
  5 leopard geckos
  34 orcs
  2 giant cockroaches
  5 hobgoblins
  10 jackals
  6 quokkas
  A frilled lizard (D:4)
  A goblin (D:2)
  A jackal skeleton (D:5)
  12 kobolds
  A leopard gecko skeleton (D:8)
  2 quokka skeletons
  5 rats
336 creatures vanquished.

Vanquished Creatures (collateral kills)
  A frost giant (IceCv)
  A polar bear (IceCv)
  A yak (IceCv)
3 creatures vanquished.

Vanquished Creatures (others)
  A kobold demonologist (D:7)
  A steam dragon (D:8)
  2 centaurs
  A kobold (D:9)
5 creatures vanquished.

Grand Total: 344 creatures vanquished

Notes
Turn   | Place    | Note
-------+----------+-------------------------------------------
     0 | D:1      | EnegeticOcto the Deep Dwarf Fighter began the quest for the
                  | Orb.
     0 | D:1      | Reached XP level 1. HP: 20/20 MP: 1/1
   258 | D:1      | Reached XP level 2. HP: 22/27 MP: 2/2
   343 | D:2      | Noticed Sigmund
   356 | D:2      | Killed Sigmund
   356 | D:2      | Reached skill level 1 in Dodging
   356 | D:2      | Reached XP level 3. HP: 26/36 MP: 2/2
   356 | D:2      | Reached XP level 4. HP: 32/44 MP: 3/3
   356 | D:2      | Reached XP level 5. HP: 37/50 MP: 4/4
   687 | D:4      | Reached XP level 6. HP: 49/57 MP: 4/4
   751 | D:4      | You fall into a shaft and drop 1 floor!
   751 | D:5      | Entered Level 5 of the Dungeon
   851 | D:5      | Reached XP level 7. HP: 66/66 MP: 5/5
   938 | D:4      | Reached skill level 5 in Axes
  1592 | D:5      | Found a staircase to the Ecumenical Temple.
  1600 | Temple   | Entered the Ecumenical Temple
  1692 | Temple   | Became a worshipper of Makhleb the Destroyer
  1713 | D:5      | Reached skill level 5 in Fighting
  1726 | D:5      | Reached skill level 1 in Invocations
  1820 | D:5      | Reached skill level 5 in Armour
  1820 | D:5      | Reached skill level 2 in Invocations
  1820 | D:5      | Reached XP level 8. HP: 69/74 MP: 7/7
  1933 | D:5      | Reached skill level 5 in Shields
  2277 | D:5      | Found a radiant altar of Vehumet.
  2486 | D:6      | Reached skill level 3 in Invocations
  2644 | D:6      | Noticed a +0 dagger
  2645 | D:6      | Found a hide-covered altar of Uskayaw.
  2645 | D:6      | Noticed a +0 dagger
  2848 | D:6      | Reached * piety under Makhleb
  2867 | D:6      | Reached skill level 4 in Invocations
  2919 | D:6      | Noticed Menkaure
  2923 | D:6      | Killed Menkaure
  3278 | D:7      | Noticed Prince Ribbit
  3353 | D:7      | Gained mutation: You passively map the area around you.
                  | [Deep Dwarf growth]
  3353 | D:7      | Reached XP level 9. HP: 51/82 MP: 10/10
  3390 | D:7      | Reached skill level 5 in Invocations
  3531 | D:7      | Found a sacrificial altar of Ru.
  3578 | D:7      | Noticed a cyclops
  3589 | D:7      | Killed a cyclops
  3683 | D:7      | Found a shattered altar of Ashenzari.
  3938 | D:7      | Noticed a kobold demonologist
  3945 | D:7      | Reached skill level 6 in Invocations
  3948 | D:7      | Noticed a cyclops
  3956 | D:7      | Killed a kobold demonologist
  3964 | D:7      | Reached skill level 5 in Dodging
  3965 | D:7      | Paralysed by a centaur for 3 turns
  3971 | D:7      | Killed a cyclops
  3973 | D:7      | Reached skill level 7 in Invocations
  4107 | D:7      | Reached XP level 10. HP: 56/94 MP: 11/11
  4287 | D:7      | Killed Prince Ribbit
  4502 | D:7      | Found a bloodstained altar of Trog.
  4572 | D:8      | Found a sparkling altar of Nemelex Xobeh.
  4600 | D:8      | Reached ** piety under Makhleb
  4743 | D:8      | Noticed a two-headed ogre
  4759 | D:8      | Killed a two-headed ogre
  4759 | D:8      | Reached skill level 8 in Invocations
  4967 | D:8      | Found a shimmering blue altar of Sif Muna.
  5131 | D:8      | Found a stormy altar of Qazlal.
  5631 | D:8      | Reached skill level 9 in Invocations
  5803 | D:9      | Found a staircase to the Orcish Mines.
  5806 | D:9      | Noticed a two-headed ogre
  5812 | D:9      | Reached XP level 11. HP: 52/103 MP: 13/13
  5821 | D:9      | Killed a two-headed ogre
  5876 | D:9      | Reached *** piety under Makhleb
  6121 | D:9      | Found a staircase to the Lair.
  6952 | D:10     | Entered Level 10 of the Dungeon
  7254 | D:10     | Killed an unseen horror
  7254 | D:10     | Reached skill level 10 in Axes
  7309 | D:10     | Reached skill level 10 in Invocations
  7436 | D:10     | Reached **** piety under Makhleb
  7658 | D:10     | Noticed Joseph
  7682 | D:10     | Killed Joseph
  7995 | D:11     | Gained mutation: Your flesh is heat resistant. (rF+)
                  | [potion of mutation]
  7995 | D:11     | Gained mutation: You are somewhat resistant to further
                  | mutation. [potion of mutation]
  8570 | D:12     | Killed an unseen horror
  8719 | D:12     | Reached XP level 12. HP: 102/114 MP: 15/15
  8953 | D:12     | Noticed a four-headed hydra
  8968 | D:12     | Killed an eight-headed hydra
  8968 | D:12     | Reached skill level 11 in Invocations
  9214 | D:13     | Reached ***** piety under Makhleb
  9278 | D:13     | Found a frozen archway.
  9349 | IceCv    | Entered an ice cave
  9475 | IceCv    | Reached skill level 10 in Fighting
  9712 | IceCv    | Reached skill level 12 in Invocations
  9830 | IceCv    | Noticed a frost giant
  9874 | IceCv    | Killed a frost giant
  9913 | IceCv    | Got a dazzling battleaxe
  9919 | IceCv    | Identified the cursed +1 battleaxe of Loog {vorpal, *Contam
                  | MP+9 Dex+3} (You found it in an ice cave)
  9920 | IceCv    | Quit the game

Levels and vault maps discovered:
D:1:      dpeg_arrival_brainrot, layout_basic
D:2:      cheibrodos_greedy_goblins, layout_rooms,
          nicolae_overflow_hidden_temple, minmay_lizard_king, uniq_robin,
          uniq_sigmund, uniq_crazy_yiuf_cottage
D:3:      layout_basic, nicolae_overflow_crystal_walls,
          kiku_gazebo_garden_becter, overflow_temple_1_default,
          wander_ebering_terrifying_dragon_lair
D:4:      layout_loops_ring
D:5:      layout_basic, vehumet_statue, minmay_temple_entry_mini_moons,
          first_ration, kennysheep_generic_room_8
D:6:      layout_basic, dancing_weapons_uskayaw, bh_walls_and_bars,
          uniq_menkaure
D:7:      minmay_slanted_spiral_squares, layout_layer_cave,
          nicolae_ashenzari_panopticon, lemuel_doored_altar, basic_altar,
          uniq_prince_ribbit1
D:8:      layout_layer_cave, grunt_qazlal_clouds,
          nemelex_xobeh_ov_fountains_minmay, lemuel_crystal_altar, st_stairs_7,
          grunt_livestock, hangedman_misty_isle
D:9:      layout_basic, dpeg_oklobed_lair, orc_0_dummy
D:10:     minmay_octagon_keep, layout_basic, minivault_16, uniq_joseph
D:11:     layout_basic
D:12:     layout_basic, serial_bayou_pond_e
D:13:     minmay_the_grid_triangle_9x9_recursive_3
          [minmay_the_grid_triangle_9x9_sprig,
          minmay_the_grid_triangle_9x9_wacky_v,
          minmay_the_grid_triangle_9x9_thin_v,
          minmay_the_grid_triangle_9x9_prize_insulated,
          minmay_the_grid_triangle_9x9_zippers_horizontal,
          minmay_the_grid_triangle_9x9_empty,
          minmay_the_grid_triangle_9x9_minimal,
          minmay_the_grid_triangle_9x9_semitri,
          minmay_the_grid_triangle_9x9_longest], layout_cross, erik_vaults_1,
          portal_ice_cave_demonic_guard, serial_glass, glass_columns_a,
          glass_columns_a, serial_shops, kennysheep_mini, basic_altar,
          uniq_sonja
Temple:   dpeg_chambers_temple
IceCv:    ice_cave_small_giant

Skill      XL: |  1  2  3  4  5  6  7  8  9 10 11 12 |
---------------+-------------------------------------+-----
Fighting       | 3 4 5 6 7 8 9 10 | 10.2
Axes           | 3 4 5 6 8 9 10 11 | 11.8
Dodging        | 1 2 3 4 5 6 7 8 |  8.2
Armour         | 4 5 6 7 8 9 |  9.1
Shields        | 4 5 6 7 8 9 |  9.0
Invocations    | 2 4 7 9 10 12 | 12.3

Action                   |  1- 3 |  4- 6 |  7- 9 | 10-12 || total
-------------------------+-------+-------+-------+-------++-------
Melee: War axe           |    36 |    83 |   393 |  1073 ||  1585
Invok: Lesser Servant of |       |       |       |     5 ||     5
 Abil: Heal Wounds       |     1 |     6 |    15 |    44 ||    66
Evoke: Lamp of fire      |       |       |       |     1 ||     1
  Use: Scroll            |       |       |    11 |    11 ||    22
       Potion            |       |       |       |     1 ||     1
  Eat: Chunk             |       |       |    17 |    19 ||    36
       Ration            |       |       |     1 |     1 ||     2
Armor: Scale mail        |    10 |    53 |     4 |       ||    67
       Plate armour      |       |       |    46 |       ||    46
       Chain mail        |       |       |   173 |   725 ||   898
Dodge: Dodged            |     4 |    44 |   125 |   520 ||   693
Block: Kite shield       |    14 |    62 |   313 |  1099 ||  1488
       Reflection        |       |       |     1 |     8 ||     9

Table legend:
 A = Non-vault XP
 B = Vault XP
 C = Vault XP percentage of total XP
 D = Non-vault monster count
 E = Vault monster count
 F = Vault count percentage of total count
                 A         B        C        D         E       F
            +---------+---------+-------+---------+---------+-------
      Total |   21758 |   16030 |  42.4 |     264 |      80 |  23.3
            +---------+---------+-------+---------+---------+-------
        D:1 |       9 |       5 |  35.7 |       6 |       1 |  14.3
        D:2 |      36 |     227 |  86.3 |      11 |       1 |   8.3
        D:3 |     100 |       0 |   0.0 |      11 |       0 |   0.0
        D:4 |     116 |       0 |   0.0 |      12 |       0 |   0.0
        D:5 |    1084 |     162 |  13.0 |      37 |       2 |   5.1
        D:6 |     831 |     169 |  16.9 |      24 |       1 |   4.0
        D:7 |    1656 |    1906 |  53.5 |      21 |      13 |  38.2
        D:8 |    2665 |    1978 |  42.6 |      24 |      12 |  33.3
        D:9 |    3990 |       0 |   0.0 |      34 |       0 |   0.0
       D:10 |    1925 |    1926 |  50.0 |      24 |      12 |  33.3
       D:11 |     704 |       0 |   0.0 |      11 |       0 |   0.0
       D:12 |    4680 |       0 |   0.0 |      24 |       0 |   0.0
       D:13 |    3962 |     713 |  15.3 |      25 |       2 |   7.4
      IceCv |       0 |    8944 | 100.0 |       0 |      36 | 100.0
            +---------+---------+-------+---------+---------+-------
